 Dungeon Crawl Stone Soup version 0.27.1-33-g824d729ab1 (webtiles) character file.

Game seed: 16097158560086667999

634 Descartes the Firebug (level 7, -2/36 HPs)
             Began as a Deep Elf Fire Elementalist on Dec 19, 2021.
             Succumbed to a gnoll sergeant's poison
             ... on level 4 of the Dungeon.
             The game lasted 00:15:41 (6221 turns).

Descartes the Firebug (Deep Elf Fire Elementalist)  Turns: 6221, Time: 00:15:41

Health: -2/36      AC:  3    Str:  6    XL:     7   Next: 24%
Magic:  12/16      EV: 13    Int: 21    God:
Gold:   270        SH:  0    Dex: 15    Spells: 10/16 levels left

rFire    . . .     SeeInvis .   x - +1 long sword (holy)
rCold    . . .     Faith    .   (no shield)
rNeg     + . .     Spirit   .   l - +0 leather armour
rPois    .         Reflect  .   (no helmet)
rElec    .         Harm     .   (no cloak)
rCorr    .         Rampage  .   (no gloves)
Will     .....                  (no boots)
Stlth    ++........             (no amulet)
HPRegen  0.12/turn              d - ring of positive energy
MPRegen  0.15/turn              (no ring)

@: lethally poisoned (-2 -> -16)
A: no striking features
a: no special abilities


You were on level 4 of the Dungeon.
You visited 2 branches of the dungeon, and saw 6 of its levels.

You collected 270 gold pieces.

Inventory:

Hand Weapons
 i - a +2 rapier of speed
 m - a +2 short sword of protection
 x - a +1 long sword of holy wrath (weapon)
Missiles
 h - 145 stones
 j - 15 sling bullets
 k - 71 arrows
 q - 27 poisoned darts
Armour
 a - a +0 robe
 l - a +0 leather armour (worn)
Jewellery
 d - a ring of positive energy (left hand)
Scrolls
 b - a scroll of amnesia {unknown}
 c - 3 scrolls of identify {unknown}
 g - 3 scrolls of teleportation {unknown}
 n - a scroll of vulnerability {unknown}
 r - a scroll of brand weapon {unknown}
 t - a scroll of noise {unknown}
 u - a scroll of blinking {unknown}
 v - 3 scrolls of enchant weapon {unknown}
Potions
 e - a potion of attraction {unknown}
 f - a potion of heal wounds {unknown}
 o - a potion of flight {unknown}
 p - a potion of might {unknown}
 s - a potion of ambrosia {unknown}
 w - a potion of curing {unknown}


   Skills:
 + Level 5.5 Dodging
 - Level 2.4 Stealth
 - Level 5.0 Spellcasting
 + Level 4.5 Conjurations
 + Level 5.6 Fire Magic


You had 10 spell levels left.
You knew the following spells:

 Your Spells              Type           Power      Damage    Failure   Level
a - Foxfire               Conj/Fire      100%       2x1d9     1%          1
b - Sticky Flame          Conj/Fire      26%        2d5       21%         4
c - Apportation           Tloc           10%        N/A       17%         1

Your spell library contained the following spells:

 Spells                   Type           Power      Damage    Failure   Level
 Conjure Flame            Conj/Fire      26%        6-21      6%          3
 Inner Flame              Hex/Fire       17%        N/A       16%         3
 Animate Skeleton         Necr           10%        N/A       17%         1
 Corona                   Hex            5%         N/A       17%         1
 Summon Small Mammal      Summ           20%        N/A       17%         1
 Corpse Rot               Necr/Air       N/A        N/A       26%         2
 Fireball                 Conj/Fire      13%        3d7       50%         5


Dungeon Overview and Level Annotations

Branches:
Dungeon (5/15)             Temple (1/1) D:4

Altars:
Ashenzari
Cheibriados
Dithmenos
Hepliaklqana
Kikubaaqudgha
Makhleb
Nemelex Xobeh
Ru
Sif Muna
Trog
Vehumet
Wu Jian
Xom
Yredelemnul

Shops:
D:1 *


Message History

Confirm with . or Enter, or press ? or * to list all spells.
You conjure some foxfire!
The foxfire hits the gnoll sergeant but does no damage.
The gnoll sergeant hits you from afar with a +2 spear of venom!
You are poisoned.
Casting: Foxfire (safe; 1% risk of failure)
Confirm with . or Enter, or press ? or * to list all spells.
You conjure some foxfire!
You feel very sick.
The foxfire hits the gnoll sergeant but does no damage. x2
The gnoll sergeant closely misses you.
Casting: Foxfire (safe; 1% risk of failure)
Confirm with . or Enter, or press ? or * to list all spells.
You conjure some foxfire!
You feel sick.
The foxfire hits the gnoll sergeant.
The gnoll sergeant is moderately wounded.
The foxfire hits the gnoll sergeant but does no damage.
The gnoll sergeant is moderately wounded.
The foxfire hits the gnoll sergeant but does no damage.
The gnoll sergeant is moderately wounded.
The gnoll hits you but does no damage. The gnoll sergeant barely misses you.
Casting: Foxfire (safe; 1% risk of failure)
Confirm with . or Enter, or press ? or * to list all spells.
You conjure some foxfire!
You feel sick.
The foxfire hits the gnoll sergeant.
The gnoll sergeant is moderately wounded.
The foxfire hits the gnoll sergeant.
The gnoll sergeant is heavily wounded.
The gnoll closely misses you.
The gnoll sergeant hits you from afar with a +2 spear of venom.
You are lethally poisoned!
You feel very sick.
The foxfire hits the gnoll sergeant but does no damage.
The gnoll sergeant is moderately wounded.
The foxfire hits the gnoll sergeant.
The gnoll sergeant is heavily wounded.
The gnoll hits you from afar with a +0 spear.
* * * LOW HITPOINT WARNING * * *
The gnoll sergeant hits you from afar with a +2 spear of venom.
* * * LOW HITPOINT WARNING * * *
You climb upwards.
You die...

###..........#...###...##
##.........#####...#∩#...#
#......###..##.##...###)).
#..#######......##...##._.
#..######........##...####
#...##.##......##.##...##.
##.............##..##...#.
###....#.....))#.........
#....##@......).........
#...###.................
##.## ###...............
### ###........#....
##.......##..#
#.......##...
#.......##...
##......##... ###....###..


There were no monsters in sight!

Vanquished Creatures
  An orc warrior (D:4)
  A necrophage (D:4)
  A scorpion (D:5)
  A water moccasin zombie (D:5)
  2 orc priests
  A hound (D:3)
  3 orc wizards
  4 gnolls (D:4)
  5 adders
  An ufetubus (D:4)
  2 adder skeletons (D:4)
  2 dart slugs
  11 orcs
  4 endoplasms
  4 giant cockroaches
  6 goblins
  11 hobgoblins
  2 jackals (D:1)
  3 quokkas
  3 ball pythons
  3 bats (D:1)
  2 frilled lizards (D:3)
  6 kobolds
  5 rats
84 creatures vanquished.

Vanquished Creatures (collateral kills)
  3 foxfires (D:1)
3 creatures vanquished.

Vanquished Creatures (others)
  490 foxfires
490 creatures vanquished.

Grand Total: 577 creatures vanquished

Notes
Turn   | Place    | Note
-------+----------+-------------------------------------------
     0 | D:1      | Descartes the Deep Elf Fire Elementalist began the quest
                  | for the Orb.
     0 | D:1      | Reached XP level 1. HP: 10/10 MP: 6/6
   140 | D:1      | Found Wacoddakhli's General Store.
   355 | D:1      | Reached XP level 2. HP: 15/15 MP: 6/8
   697 | D:1      | Found a faded altar of an unknown god.
  1259 | D:1      | Reached XP level 3. HP: 19/19 MP: 6/10
  2474 | D:2      | Found a sparkling altar of Nemelex Xobeh.
  2612 | D:2      | Reached XP level 4. HP: 10/24 MP: 6/11
  3696 | D:3      | Reached XP level 5. HP: 28/28 MP: 7/13
  3852 | D:3      | Learned a level 4 spell: Sticky Flame
  3854 | D:3      | Learned a level 1 spell: Apportation
  4691 | D:4      | Reached XP level 6. HP: 32/32 MP: 4/15
  4913 | D:4      | Reached skill level 5 in Spellcasting
  5035 | D:4      | Noticed an orc warrior
  5050 | D:4      | Killed an orc warrior
  5051 | D:4      | Reached skill level 5 in Fire Magic
  5052 | D:4      | Found a bloodstained altar of Trog.
  5319 | D:4      | Found a shimmering blue altar of Sif Muna.
  5323 | D:4      | Got Sif Muna's Catalogue of Feathers
  5395 | D:4      | Found a staircase to the Ecumenical Temple.
  5447 | D:4      | Reached skill level 5 in Dodging
  5447 | D:4      | Reached XP level 7. HP: 36/36 MP: 9/16
  5667 | Temple   | Entered the Ecumenical Temple
  5981 | D:5      | Entered Level 5 of the Dungeon
  6221 | D:4      | Succumbed to a gnoll sergeant's poison

Illustrated notes

Levels and vault maps discovered:
D:1:      dpeg_arrival_water_fire, layout_basic, serial_shops, shop,
          shapermc_ecumenical_altar_ellora, minmay_tree_intersection,
          bh_walls_and_bars
D:2:      layout_loops_ring, basic_altar, hangedman_glass_teeth,
          minmay_misc_feat_encased, kennysheep_donut
D:3:      layout_loops_cross
D:4:      layout_cave_pools, nzn_overflow_gifts_of_might_and_magic,
          minmay_temple_entry_poolview, chequers_serial_rivers_large_b
D:5:      layout_basic, okawaru_metal_pillars_1_2,
          nicolae_overflow_quartered_altars, chequers_jeans,
          kennysheep_generic_room_4, uniq_menkaure, uniq_pikel
Temple:   minmay_temple_curvy_loop

Skill      XL: |  1  2  3  4  5  6 |
---------------+-------------------+-----
Dodging        | 3 4 5 |  5.5
Conjurations   | 2 3 4 |  4.5
Fire Magic     | 4 5 |  5.6
Spellcasting   | 4 5 |  5.0
Stealth        | |  2.4

Action                   |  1- 3 |  4- 6 |  7- 9 || total
-------------------------+-------+-------+-------++-------
Melee: Rapier            |     3 |     4 |       ||     7
       Unarmed           |     1 |       |       ||     1
       Long sword        |       |       |     3 ||     3
 Cast: Foxfire           |   111 |   164 |    27 ||   302
Armor: Robe              |     5 |       |       ||     5
       Leather armour    |     3 |     1 |     2 ||     6
Dodge: Dodged            |    18 |    12 |    10 ||    40
       Rpst.: Long sword |       |       |     1 ||     1
